 Dungeon Crawl Stone Soup version 0.27.1-3-gb3d3a73c9e (webtiles) character file.

Game seed: 4094415428942314898

99 Crownlay the Chopper (level 4, 0/39 HPs)
             Began as a Hill Orc Fighter on Oct 21, 2021.
             Slain by an iguana (10 damage)
             ... on level 3 of the Dungeon.
             The game lasted 00:04:56 (2395 turns).

Crownlay the Chopper (Hill Orc Fighter)             Turns: 2395, Time: 00:04:57

Health: 0/39       AC:  6    Str: 19    XL:     4   Next: 72%
Magic:  4/4        EV:  9    Int:  8    God:
Gold:   45         SH:  0    Dex: 10    Spells: 3/3 levels left

rFire    . . .     SeeInvis .   a - +0 war axe
rCold    . . .     Faith    .   (no shield)
rNeg     . . .     Spirit   .   b - +0 scale mail
rPois    .         Reflect  .   (no helmet)
rElec    .         Harm     .   (no cloak)
rCorr    .         Rampage  .   (no gloves)
Will     .....                  (no boots)
Stlth    ..........             (no amulet)
HPRegen  0.13/turn              (no ring)
MPRegen  0.09/turn              (no ring)

@: no status effects
A: no striking features
a: no special abilities


You were on level 3 of the Dungeon.
You visited 1 branch of the dungeon, and saw 3 of its levels.

You collected 45 gold pieces.

Inventory:

Hand Weapons
 a - a +0 war axe (weapon)
Armour
 b - a +0 scale mail (worn)
 c - a +0 kite shield
Wands
 j - a wand of iceblast (5)
Scrolls
 e - 2 scrolls of noise
 f - a scroll of identify {unknown}
 g - a scroll of teleportation {unknown}
 h - a scroll of holy word {unknown}
 i - a scroll of acquirement {unknown}
 k - a scroll of blinking {unknown}
 l - a scroll of brand weapon {unknown}
 m - a scroll of vulnerability {unknown}
 o - a scroll of immolation {unknown}
Potions
 d - 2 potions of might
 n - a potion of attraction {unknown}


   Skills:
 - Level 3.6 Fighting
 * Level 5.4 Axes
 - Level 3.2 Armour
 + Level 4.2 Shields


You had 3 spell levels left.
You didn't know any spells.
Your spell library contained the following spells:

 Spells                   Type           Power      Damage    Failure   Level
 Apportation              Tloc           0%         N/A       77%         1
 Alistair's Intoxication  Tmut/Pois      0%         N/A       100%        5
 Invisibility             Hex            0%         N/A       100%        6


Dungeon Overview and Level Annotations

Branches:
Dungeon (3/15)

Altars:
Uskayaw

Shops:
D:3 *


Message History

Things that are here:
a +0 club; a +0 chain mail You feel a little less mighty now.
There is a stone staircase leading up here.
An iguana comes into view.
The iguana hisses angrily.
You hit the iguana.
The iguana is lightly wounded.
The iguana bites you!
You hit the iguana but do no damage.
The iguana is lightly wounded.
The iguana bites you but does no damage.
You closely miss the iguana.
The iguana is lightly wounded.
The iguana bites you!
You barely miss the iguana.
The iguana is lightly wounded.
The iguana barely misses you. x2
You slash the iguana!
The iguana is severely wounded.
The iguana bites you.
You barely miss the iguana.
The iguana is severely wounded.
The iguana bites you!
You are too injured to fight recklessly!
You are too injured to fight recklessly!
You are too injured to fight recklessly!
You are too injured to fight recklessly!
You are too injured to fight recklessly!
You hit the iguana but do no damage.
The iguana is severely wounded.
The iguana bites you.
* * * LOW HITPOINT WARNING * * *
You closely miss the iguana.
The iguana is severely wounded.
The iguana closely misses you.
You hit the iguana.
The iguana is severely wounded.
The iguana bites you!
You die...

#........# #
#.###.##.# .# #.#
#.##.# .. #.#
#.##.# #. #.#
#.##.###### ###.
#.# #.#........ ...
#.# #.#..######
#l###.###.#..#
#.@..........# ###
#.###.###.#.#####..
... #.............#
####
#####.#.####.)#
#.#.####..#
#.#........
#.###.#...# #.#
#.##.## #.# #.##.#


You could see an iguana.

Vanquished Creatures
  Ijyb (D:3)
  An adder (D:2)
  3 worms (D:2)
  A dart slug (D:3)
  5 ball pythons
  10 endoplasms
  7 goblins
  5 hobgoblins
  5 kobolds
  2 quokkas (D:1)
  2 frilled lizards
  9 rats
51 creatures vanquished.

Notes
Turn   | Place    | Note
-------+----------+-------------------------------------------
     0 | D:1      | Crownlay the Hill Orc Fighter began the quest for the Orb.
     0 | D:1      | Reached XP level 1. HP: 19/19 MP: 1/1
   105 | D:1      | Reached skill level 3 in Axes
   144 | D:1      | Reached XP level 2. HP: 26/26 MP: 2/2
   570 | D:1      | Reached skill level 4 in Axes
   590 | D:1      | Reached XP level 3. HP: 31/31 MP: 3/3
  1587 | D:2      | Reached XP level 4. HP: 37/39 MP: 4/4
  1860 | D:3      | Found Nesayl's General Store.
  1862 | D:3      | Reached skill level 5 in Axes
  1892 | D:3      | Found a hide-covered altar of Uskayaw.
  2004 | D:3      | Found a faded altar of an unknown god.
  2155 | D:3      | Noticed Ijyb
  2164 | D:3      | HP: 1/39 [Ijyb (4)]
  2172 | D:3      | Killed Ijyb
  2395 | D:3      | Slain by an iguana

Illustrated notes

Levels and vault maps discovered:
D:1:      onia_arrival_pentagram, layout_rooms
D:2:      layout_loops_ring
D:3:      layout_loops_ring, overflow_temple_1_default,
          ebering_ecumenical_altar_rust, ebering_ghost_sewer_d, serial_shops,
          nicolae_shop_stone, uniq_ijyb

Skill      XL: |  1  2  3  4 |
---------------+-------------+-----
Axes           | 3 4 5 |  5.4
Shields        | 4 |  4.2
Fighting       | |  3.6
Armour         | |  3.2

Action                   |  1- 3 |  4- 6 || total
-------------------------+-------+-------++-------
Melee: War axe           |    99 |    36 ||   135
  Use: Potion            |       |     2 ||     2
       Scroll            |       |     1 ||     1
Armor: Scale mail        |    43 |     9 ||    52
Dodge: Dodged            |    38 |    16 ||    54
